Map: Rhoskallian LE

Players

qqq - Winner!

  • Race: Zerg Zerg
  • Spawn Location: 11:00

Massa - Winner!

  • Race: Terran Terran
  • League: Platinum
  • Spawn Location: 12:00

Hosenpaul

  • Race: Zerg Zerg
  • League: Platinum
  • Spawn Location: 5:00

alf

  • Race: Terran Terran
  • League: Diamond
  • Spawn Location: 6:00

VOD

Have the link to the VOD?

Description

Time

  • Played on: Feb. 28, 2021, 7:46 a.m.
  • Length: 15:43
Show
View Real Time Build Order
Export as new Build Order

qqq Zerg - Winner!

Build Orders: Hatch First, Brood Lord Corruptor 

Get SALT Encoding   

  12  0:00  Drone  
  13  0:08  Drone  
  14  0:21  Overlord  
  14  0:52  Hatchery  
  13  0:59  Drone x3  
  16  1:10  Drone  
  18  1:25  Drone  
  18  1:34  Extractor, Spawning Pool  
  18  1:36  Drone  
  17  1:57  Hatchery  
  16  2:02  Drone  
  16  2:03  Drone  
  16  2:07  Drone  
  19  2:12  Drone  
  20  2:20  Overlord  
  20  2:21  Drone  
  21  2:30  Drone x2  
  23  2:38  Queen  
  25  3:01  Queen  
  25  3:03  Drone x5  
  32  3:07  Metabolic Boost  
  32  3:11  Zergling x2  
  33  3:15  Zergling x2  
  33  3:19  Overlord  
  34  3:26  Drone x2  
  36  3:28  Zergling x2  
  36  3:29  Zergling x2  
  38  3:42  Queen  
  38  3:44  Zergling x6  
  38  3:45  Drone  
  44  4:01  Extractor  
  44  4:02  Drone  
  44  4:06  Lair  
  44  4:07  Zergling x6  
  44  4:08  Zergling x4  
  49  4:10  Overlord  
  49  4:13  Overlord  
  49  4:21  Drone  
  50  4:27  Overlord  
  50  4:33  Zergling x2  
  50  4:34  Drone x2, Zergling x4  
  50  4:35  Drone  
  56  4:43  Drone, Zergling x4  
  59  4:49  Drone, Zergling x2  
  60  5:04  Zergling x8  
  60  5:05  Zergling x8  
  63  5:12  Zergling x4  
  65  5:20  Spire  
  56  5:29  Zergling x6  
  56  5:30  Zergling x4  
  57  5:39  Zergling x4  
  57  5:42  Drone  
  60  5:43  Drone  
  61  5:54  Zergling x6  
  61  5:55  Zergling x8  
  65  6:13  Drone x2, Zergling x8  
  56  6:38  Zergling x12  
  56  6:39  Zergling x4  
  58  6:44  Drone x4  
  58  6:45  Drone x3  
  65  6:47  Extractor  
  65  6:49  Extractor  
  63  6:55  Mutalisk x3  
  68  7:04  Mutalisk x2  
  69  7:14  Infestation Pit  
  69  7:15  Zerg Flyer Weapons Level 1  
  68  7:17  Mutalisk x2  
  68  7:20  Overlord x2  
  72  7:25  Extractor x2  
  62  7:38  Mutalisk  
  62  7:43  Mutalisk  
  66  7:45  Drone x7, Hatchery  
  66  7:46  Drone  
  73  7:52  Mutalisk  
  75  8:05  Drone x3, Mutalisk  
  80  8:07  Drone  
  80  8:10  Drone  
  82  8:15  Mutalisk  
  82  8:17  Drone  
  82  8:18  Hatchery  
  84  8:20  Mutalisk  
  84  8:24  Mutalisk  
  88  8:30  Hatchery  
  88  8:32  Hive  
  87  8:35  Mutalisk  
  89  9:05  Mutalisk x3  
  95  9:17  Overlord x6  
  91  9:42  Drone x5  
  91  9:43  Drone, Mutalisk x4  
  105  9:45  Drone  
  105  9:46  Drone x5  
  111  10:10  Greater Spire  
  111  10:11  Corruptor x2  
  111  10:12  Corruptor  
  117  10:17  Spine Crawler  
  117  10:18  Spine Crawler, Corruptor  
  117  10:20  Spine Crawler x2  
  117  10:21  Corruptor  
  115  10:23  Drone x2  
  109  10:38  Corruptor x3  
  109  10:39  Corruptor  
  117  10:48  Drone x3  
  120  10:50  Drone x4, Corruptor  
  120  10:56  Spine Crawler  
  125  11:09  Corruptor x3  
  125  11:19  Drone x3  
  125  11:20  Corruptor  
  125  11:21  Spine Crawler  
  126  11:28  Brood Lord x2  
  126  11:29  Brood Lord  
  132  11:36  Brood Lord  
  132  11:50  Brood Lord x2  
  136  11:56  Overlord x6  
  136  11:57  Overlord x3  
  136  12:08  Zerg Flyer Armor Level 1  
  136  12:16  Brood Lord x2  
  136  12:21  Drone x2  
  136  12:22  Drone x6  
  148  12:23  Drone x2  
  148  12:26  Spine Crawler x2  
  148  12:34  Brood Lord  
  148  12:35  Brood Lord  
  148  12:38  Zergling x6  
  151  12:53  Hatchery  
  150  13:06  Drone  
  150  13:07  Drone x8  
  159  13:17  Corruptor  
  161  13:21  Brood Lord x3  
  161  13:26  Spire  
  166  13:32  Spine Crawler x2  
  166  13:33  Corruptor x2  
  168  13:41  Extractor  
  168  13:42  Extractor  
  161  13:56  Hatchery  
  154  14:21  Corruptor x6  
  154  14:22  Corruptor  
  156  14:31  Corruptor x2  
  150  14:38  Corruptor  
  152  14:41  Drone x6  
  152  14:42  Drone  
  161  14:52  Corruptor x3  
  145  15:16  Brood Lord x2  
Show
View Real Time Build Order
Export as new Build Order

Massa Terran - Winner!

Build Orders: Reaper Expand 

Get SALT Encoding   

  12  0:00  SCV  
  13  0:12  SCV  
  14  0:23  Supply Depot  
  14  0:24  SCV  
  15  0:45  SCV  
  15  0:46  Barracks  
  16  0:50  Refinery  
  16  0:57  SCV  
  17  1:09  SCV  
  18  1:21  SCV  
  19  1:33  Orbital Command  
  19  1:39  Reaper  
  20  1:44  Command Center  
  20  1:59  SCV  
  21  2:06  Supply Depot  
  21  2:11  SCV  
  21  2:14  Factory, Marine  
  23  2:28  SCV, Supply Depot  
  24  2:30  Supply Depot  
  24  2:39  Barracks Reactor  
  24  2:42  SCV  
  25  2:55  SCV  
  26  2:59  Orbital Command  
  26  3:01  Hellion  
  28  3:05  Refinery  
  28  3:12  Starport  
  30  3:41  Barracks Tech Lab, Hellion x2  
  30  3:47  Refinery  
  32  3:57  SCV  
  32  3:58  SCV  
  36  4:03  Hellion x2  
  36  4:09  SCV  
  39  4:10  SCV, Barracks Tech Lab  
  39  4:15  Engineering Bay  
  40  4:22  SCV x2  
  44  4:24  Hellion x2  
  46  4:34  SCV  
  46  4:37  Raven  
  49  4:41  Stimpack  
  49  4:48  Barracks  
  49  4:50  Barracks  
  49  4:52  Supply Depot  
  45  5:16  Supply Depot  
  41  5:23  Marine  
  39  5:30  Hellion x2  
  39  5:33  SCV x2  
  45  5:39  Medivac  
  45  5:40  Missile Turret  
  45  5:41  Marine  
  48  5:44  Barracks Reactor, Barracks Tech Lab  
  48  5:45  SCV x2  
  50  5:51  Hellion  
  50  5:52  Hellion  
  54  5:57  SCV x2  
  54  5:58  Marine  
  54  6:02  Combat Shield  
  57  6:16  Marine  
  58  6:20  Command Center  
  58  6:34  Marine  
  57  7:00  Marine  
  57  7:01  Marauder x2, Marine  
  57  7:04  Hellion x2  
  61  7:14  SCV x2  
  59  7:18  Marine x2  
  59  7:22  Marine x2  
  63  7:26  SCV x2  
  65  7:30  Concussive Shells  
  65  7:33  Siege Tank  
  65  7:35  Medivac x2  
  65  7:36  Marine x2  
  74  7:38  SCV  
  74  7:40  Marauder x2  
  74  7:42  Terran Infantry Weapons Level 1, Missile Turret x2  
  79  7:44  Armory, Missile Turret  
  79  7:46  Engineering Bay  
  79  8:01  Marauder, Planetary Fortress  
  79  8:03  SCV x2  
  79  8:05  Missile Turret, Siege Tank  
  86  8:06  Marauder, Marine x2  
  90  8:15  SCV x2  
  92  8:24  Marine  
  93  8:51  Supply Depot  
  93  8:53  Supply Depot  
  93  9:08  Marauder, Siege Tank  
  93  9:13  Marauder, Marine x2  
  93  9:15  Supply Depot  
  97  9:29  Marauder  
  97  9:30  Marine x2  
  99  9:35  Marauder  
  99  9:48  Marine x2  
  99  9:49  Siege Tank  
  99  9:51  Marauder  
  103  10:03  Barracks  
  103  10:04  Barracks  
  103  10:07  SCV x3, Barracks  
  103  10:10  Refinery x2  
  106  10:19  SCV x2, Barracks  
  108  10:22  Factory  
  108  10:29  Command Center  
  108  10:51  Siege Tank  
  108  10:52  Marauder x2, Marine x2  
  108  10:56  Barracks Tech Lab x2  
  117  11:17  Marine  
  117  11:18  Marauder  
  117  11:23  Barracks Tech Lab x2  
  117  11:26  Marauder x2, Marine  
  117  11:27  Marauder  
  111  11:32  Siege Tank  
  111  11:33  Factory Reactor  
  111  11:35  Marine  
  111  11:39  Marauder  
  114  11:43  Marine  
  115  11:47  Marine x2  
  115  11:54  Medivac x2  
  119  12:05  Siege Tank  
  122  12:14  Marauder x5  
  132  12:22  Terran Infantry Weapons Level 2  
  132  12:23  Terran Infantry Armor Level 1, Terran Vehicle And Ship Armor Level 1, Supply Depot  
  132  12:24  Supply Depot x2  
  132  12:25  Supply Depot  
  132  12:26  Supply Depot  
  132  12:27  Supply Depot  
  132  12:28  Supply Depot  
  132  12:39  Marauder  
  132  12:41  Marine  
  132  12:44  Medivac x2  
  132  12:45  Marauder x4, Marine  
  132  12:46  Marauder  
  132  12:47  Supply Depot x2  
  132  12:48  Supply Depot  
  147  12:53  Supply Depot  
  147  12:58  Marine  
  147  13:03  Marine  
  149  13:06  Planetary Fortress  
  149  13:07  Marauder  
  147  13:14  SCV x3  
  147  13:16  Marine  
  148  13:20  Siege Tank  
  148  13:21  Widow Mine x2, Marine  
  148  13:24  Smart Servos  
  148  13:26  SCV x3  
  159  13:42  Widow Mine  
  159  13:43  Widow Mine, Command Center  
  163  13:52  Siege Tank  
  138  14:00  Marauder x2  
  138  14:01  Marauder x4, Marine x2  
  111  14:04  Widow Mine  
  103  14:10  Refinery x2  
  101  14:19  Marine x2  
  101  14:21  Marine x2  
  101  14:22  Marauder x4  
  113  14:24  Siege Tank  
  116  14:36  Marine  
  116  14:37  Marine  
  118  14:40  Marauder x2  
  118  14:43  Marauder x2  
  118  14:44  Marauder x2  
  130  14:54  Marine x2  
  130  14:56  Siege Tank  
  135  15:01  Marauder, Marine  
  135  15:04  Marauder  
  135  15:05  Marauder x3  
  140  15:12  Marine x2  
  142  15:19  Marauder  
Show
View Real Time Build Order
Export as new Build Order

Hosenpaul Zerg 

Build Orders: Hatch First 

Get SALT Encoding   

  12  0:00  Drone  
  13  0:13  Overlord  
  13  0:18  Drone  
  14  0:31  Drone x2  
  17  0:35  Drone  
  17  0:47  Drone  
  18  0:56  Drone  
  19  1:02  Hatchery  
  18  1:07  Drone  
  19  1:12  Extractor  
  18  1:20  Spawning Pool  
  18  1:22  Drone  
  18  1:29  Drone  
  19  1:39  Drone  
  20  1:52  Drone  
  21  2:00  Drone  
  22  2:10  Hatchery  
  22  2:14  Queen  
  22  2:15  Metabolic Boost  
  23  2:21  Overlord  
  23  2:28  Drone x2  
  25  2:33  Zergling x2  
  26  2:50  Drone x4  
  30  2:55  Drone  
  30  2:56  Extractor  
  30  3:03  Drone  
  31  3:06  Drone  
  31  3:08  Queen  
  34  3:13  Drone  
  34  3:15  Drone  
  36  3:22  Drone  
  36  3:24  Queen  
  39  3:28  Drone x2  
  39  3:30  Drone  
  41  3:44  Drone  
  41  3:45  Overlord x2  
  42  3:52  Lair  
  42  3:58  Drone, Evolution Chamber  
  42  3:59  Drone, Evolution Chamber  
  42  4:05  Drone x4  
  46  4:19  Drone  
  47  4:26  Zerg Missile Weapons Level 1  
  47  4:27  Hatchery  
  47  4:28  Zerg Ground Armor Level 1  
  46  4:33  Drone  
  46  4:34  Drone  
  48  4:44  Extractor  
  47  4:48  Extractor, Spine Crawler  
  45  4:55  Zergling x14  
  45  4:56  Zergling x14  
  58  5:09  Overlord  
  58  5:10  Overlord x3  
  58  5:21  Zergling x8  
  55  5:23  Zergling x4  
  58  5:31  Drone x5  
  62  5:38  Drone x3  
  62  5:39  Drone x2  
  62  5:42  Drone  
  68  5:47  Drone  
  69  5:56  Hatchery  
  68  5:59  Drone x3  
  68  6:00  Drone  
  69  6:17  Drone x7  
  71  6:26  Zergling x2  
  71  6:27  Zergling x8  
  70  6:37  Zergling x6  
  70  6:40  Drone x2  
  70  6:41  Drone x2  
  70  6:44  Extractor  
  70  6:45  Extractor  
  70  6:46  Queen  
  70  7:02  Zergling x16  
  74  7:12  Drone  
  74  7:13  Drone x2  
  76  7:17  Queen  
  77  7:30  Zergling x10  
  80  7:37  Drone x3  
  84  7:44  Drone x2  
  84  7:48  Spore Crawler x2  
  83  7:52  Queen, Spore Crawler  
  83  7:53  Spore Crawler, Zerg Missile Weapons Level 2  
  83  7:54  Zerg Ground Armor Level 2  
  83  7:59  Drone, Roach Warren  
  83  8:00  Extractor, Drone x4  
  83  8:01  Extractor, Hydralisk Den  
  84  8:11  Drone x6  
  90  8:20  Spore Crawler  
  90  8:22  Spore Crawler  
  90  8:23  Zergling x12  
  90  8:24  Zergling x4  
  96  8:30  Overlord  
  96  8:31  Overlord  
  94  8:49  Spore Crawler  
  94  8:52  Spore Crawler  
  91  8:56  Queen  
  91  9:01  Hydralisk x10  
  110  9:02  Hydralisk  
  110  9:12  Spore Crawler  
  109  9:18  Muscular Augments  
  109  9:19  Hydralisk  
  109  9:21  Overlord x3  
  109  9:32  Queen  
  109  9:34  Hydralisk  
  109  9:35  Hydralisk  
  109  9:38  Overlord x4  
  111  9:43  Drone  
  111  9:44  Drone x4  
  116  9:51  Glial Reconstitution  
  116  9:53  Hydralisk x2  
  116  9:55  Infestation Pit  
  119  10:08  Queen  
  119  10:10  Drone  
  122  10:16  Hydralisk  
  122  10:17  Hydralisk x4  
  132  10:22  Hatchery  
  132  10:25  Lurker Den  
  130  10:30  Grooved Spines  
  130  10:31  Drone  
  130  10:32  Drone x7  
  138  10:42  Overseer x2  
  138  10:43  Queen, Overlord x2  
  138  10:46  Hydralisk  
  138  10:47  Hydralisk  
  144  10:56  Hydralisk x3  
  148  11:07  Zergling x10  
  148  11:08  Zergling x8  
  148  11:09  Zergling x2  
  148  11:11  Zergling x2  
  149  11:22  Drone  
  149  11:23  Drone x6  
  154  11:26  Extractor  
  154  11:28  Extractor  
  154  11:31  Queen  
  154  11:34  Hydralisk x3  
  159  12:01  Hydralisk x11  
  159  12:02  Hydralisk  
  185  12:24  Drone  
  185  12:25  Drone x3  
  189  12:30  Drone  
  189  12:31  Overlord x4  
  187  12:48  Hatchery  
  186  12:55  Overlord x3  
  186  12:56  Overlord  
  186  12:59  Hydralisk x6  
  186  13:02  Hatchery  
  195  13:12  Hydralisk x3  
  195  13:19  Hive  
  199  13:28  Overlord x2  
  199  13:29  Overlord x3  
  199  13:49  Hatchery  
  194  13:55  Hatchery  
  144  14:13  Hydralisk  
  144  14:14  Hydralisk x13  
  144  14:15  Hydralisk  
  136  14:22  Hydralisk  
  136  14:23  Hydralisk x2  
  130  14:31  Hydralisk x3  
  130  14:32  Hydralisk  
  130  14:38  Hydralisk x3  
  138  14:39  Hydralisk  
  146  14:49  Hydralisk x3  
  144  15:12  Hydralisk  
  144  15:13  Hydralisk x10  
Show
View Real Time Build Order
Export as new Build Order

alf Terran 

Build Orders: Reaper Expand, Mech 

Get SALT Encoding   

  12  0:00  SCV  
  13  0:12  SCV  
  14  0:19  Supply Depot  
  14  0:24  SCV  
  15  0:40  SCV  
  15  0:41  Barracks  
  16  0:48  Refinery  
  16  0:53  SCV  
  17  1:05  SCV  
  18  1:17  SCV  
  19  1:30  Reaper  
  20  1:32  Orbital Command  
  20  1:44  Command Center  
  20  2:00  SCV  
  21  2:08  Factory  
  21  2:12  SCV  
  22  2:20  Refinery  
  22  2:25  Barracks Reactor, SCV  
  23  2:55  SCV  
  23  3:02  Command Center  
  23  3:18  Factory Tech Lab  
  23  3:20  SCV, Marine x2  
  23  3:25  Supply Depot  
  26  3:29  Orbital Command  
  26  3:41  SCV  
  26  3:44  Siege Tank  
  30  3:52  Factory  
  30  3:54  SCV  
  31  4:02  SCV, Factory  
  32  4:06  SCV  
  33  4:11  Supply Depot  
  33  4:14  SCV  
  34  4:19  Siege Tank  
  34  4:22  SCV  
  34  4:23  Orbital Command  
  38  4:26  SCV  
  38  4:32  Refinery  
  38  4:34  Refinery, SCV  
  40  4:45  SCV  
  40  4:46  SCV  
  40  4:49  SCV  
  44  4:53  Hellion x2  
  44  4:57  SCV  
  44  4:58  SCV  
  34  5:29  Hellion  
  34  5:30  Hellion  
  41  5:38  Factory Tech Lab  
  41  5:41  Siege Tank  
  41  5:42  SCV x2  
  43  5:47  SCV  
  44  5:54  SCV x2  
  46  5:58  Siege Tank  
  46  5:59  SCV, Hellion x2  
  46  6:00  Infernal Pre-Igniter  
  54  6:07  Factory  
  54  6:10  Armory  
  54  6:13  Siege Tank  
  57  6:20  Hellion  
  57  6:21  Hellion  
  61  6:40  Siege Tank  
  61  6:42  SCV x3  
  61  6:46  Engineering Bay  
  67  6:52  Siege Tank  
  67  6:53  Supply Depot x2  
  71  6:54  SCV  
  71  6:55  Supply Depot  
  71  6:56  Factory Tech Lab, Hellion x2  
  71  6:57  Supply Depot  
  71  7:01  Terran Vehicle Weapons Level 1  
  75  7:06  Armory  
  75  7:13  Hellion  
  75  7:14  SCV x2  
  79  7:17  Hellion, Missile Turret  
  79  7:18  SCV  
  79  7:19  Missile Turret  
  82  7:22  Refinery  
  82  7:24  Thor  
  82  7:27  Refinery  
  88  7:41  Hellion x2, Factory, Siege Tank  
  88  7:42  SCV x2  
  97  7:54  Missile Turret  
  97  7:59  Terran Vehicle And Ship Armor Level 1, Missile Turret, Supply Depot  
  97  8:00  Hellion  
  99  8:07  Siege Tank  
  102  8:16  Missile Turret  
  104  8:20  Hellion x2, Thor  
  104  8:21  SCV x2, Missile Turret  
  112  8:47  SCV x2, Missile Turret  
  112  8:48  Missile Turret  
  114  8:49  Thor  
  114  8:51  Missile Turret  
  117  9:08  SCV, Missile Turret  
  117  9:09  SCV, Supply Depot  
  117  9:11  SCV  
  117  9:14  Supply Depot  
  117  9:20  Terran Vehicle Weapons Level 2  
  117  9:25  SCV x3  
  117  9:28  Supply Depot  
  117  9:29  Supply Depot x2  
  117  9:30  Supply Depot  
  117  9:33  Siege Tank, Supply Depot  
  117  9:34  Siege Tank  
  123  9:45  SCV x2, Missile Turret  
  120  10:04  Thor  
  120  10:05  Missile Turret, Siege Tank  
  120  10:06  Siege Tank  
  132  10:07  SCV  
  133  10:20  Missile Turret  
  133  10:21  Missile Turret  
  133  10:22  Hellion x2  
  133  10:25  Missile Turret  
  137  10:35  Supply Depot  
  137  10:36  Supply Depot  
  137  10:38  Siege Tank  
  136  10:49  Hellion x2, Thor x2  
  148  11:04  Command Center  
  107  11:48  Siege Tank x2  
  113  12:02  Hellion, Thor  
  121  12:20  Siege Tank x2  
  127  12:37  Factory Tech Lab  
  127  12:44  Terran Vehicle And Ship Armor Level 2  
  127  12:45  Thor, Terran Ship Weapons Level 1  
  127  12:50  Starport  
  133  12:52  Starport, Thor  
  133  12:58  SCV x2  
  141  13:00  Planetary Fortress  
  141  13:15  Barracks Reactor  
  141  13:21  Refinery  
  141  13:24  Refinery  
  141  13:31  Starport Reactor  
  141  13:37  Thor  
  141  13:39  Thor  
  120  14:10  Viking x3  
  78  14:40  Viking x3  
Tags
 
Add a new tag
Caveats
  • Supply blocks, unpowered buildings, or Contaminate may cause inaccurate times.
  • Supply counts are checked every 10 seconds.